 Dungeon Crawl Stone Soup version 0.20.0-8-g6b59dc7 (webtiles) character file.

97395 Gorglomux the Warrior (level 16, -8/114 HPs)
             Began as a Gargoyle Berserker on May 31, 2017.
             Was a High Priest of Trog.
             Mangled by a redback (10 damage)
             ... on level 2 of the Lair of Beasts.
             The game lasted 00:49:41 (26984 turns).

Gorglomux the Warrior (Gargoyle Berserker)         Turns: 26984, Time: 00:49:42

Health: -8/114     AC: 33    Str: 24    XL:     16   Next: 19%
Magic:  16/16      EV: 18    Int:  8    God:    Trog [*****.]
Gold:   872        SH:  0    Dex: 13    Spells: 15/15 levels left

rFire    + . .     SeeInvis .   a - +5 great mace (protect) {god gift}
rCold    . . .     Gourm    .   (shield currently unavailable)
rNeg     + . .     Faith    .   x - +0 plate armour
rPois    ∞         Spirit   .   (no helmet)
rElec    +         Reflect  .   (no cloak)
rCorr    +         Harm     .   G - +2 pair of gloves
MR       +++..                  m - +2 pair of boots
Stlth    ..........             j - amulet of the Air {Inacc +Fly rElec EV+5 RMsl}
Regen    1.3/turn               f - ring of protection from fire (curse)
MPRegen  0.2/turn               g - ring of resist corrosion

@: berserk cooldown, regenerating, slowed, repel missiles, very slow
A: big wings, negative energy resistance 1, electricity resistance, unbreathing,
petrification resistance, rot immunity, AC +11
a: Fly, Berserk, Trog's Hand, Brothers in Arms, Burn Spellbooks, Renounce
Religion, Evoke Flight


You were on level 2 of the Lair of Beasts.
You worshipped Trog.
Trog was extremely pleased with you.
You were very hungry.

You visited 4 branches of the dungeon, and saw 24 of its levels.
You also visited: Labyrinth.

You collected 2074 gold pieces.
You spent 1202 gold pieces at shops.

Inventory:

Hand Weapons
 a - a +5 great mace of protection (weapon) {god gift}
 b - a +7 great mace of holy wrath {god gift}
 v - the +8 longbow "Zephyr" {speed, Dex+3 SInv}
   (You found it in a labyrinth)

   Attacks with this weapon are significantly faster.
   It affects your dexterity (+3).
   It lets you see invisible.
Missiles
 Z - 2 throwing nets (quivered)
Armour
 m - a +2 pair of boots (worn)
 x - a +0 plate armour (worn)
 G - a +2 pair of gloves (worn)
Jewellery
 f - a cursed ring of protection from fire (left hand)
 g - a ring of resist corrosion (right hand)
 j - the amulet of the Air (around neck) {Inacc +Fly rElec EV+5 RMsl}
   (You found it in a labyrinth)

   [amulet of inaccuracy]

   It reduces the accuracy of all your attacks.
   It affects your evasion (+5).
   It insulates you from electricity.
   It lets you fly.
   It protects you from missiles.
Wands
 e - a wand of scattershot (8/9)
 n - a wand of acid (6/15)
 A - a wand of acid (0/15)
 D - a wand of digging (2/24)
 I - a wand of iceblast (9/15)
 L - a wand of lightning (10/15)
 O - a wand of clouds (7/9)
 P - a wand of digging (4/24)
 S - a wand of scattershot (3/9)
Scrolls
 o - 6 scrolls of recharging
 r - 5 scrolls of fear
 s - 4 scrolls of enchant armour
 t - 2 scrolls of fog
 u - a scroll of immolation {unknown}
 B - 3 scrolls of blinking
 F - a scroll of random uselessness {unknown}
 M - 10 scrolls of magic mapping
 T - 7 scrolls of teleportation
 V - 15 scrolls of remove curse
Potions
 d - 4 potions of magic
 i - 3 potions of haste
 p - a potion of heal wounds
 q - 2 potions of berserk rage {unknown}
 y - 3 potions of lignification
 C - 3 potions of resistance
 E - 4 potions of cancellation
 H - 3 potions of flight
 J - 2 potions of invisibility
 K - 2 potions of agility
 N - 6 potions of might
 Q - 12 potions of curing
 R - 3 potions of brilliance
 X - 3 potions of mutation
Miscellaneous
 U - a box of beasts
 W - a sack of spiders
 Y - a lamp of fire
Comestibles
 c - 12 bread rations
 k - 2 chunks of flesh
 l - 17 royal jellies
 w - 31 fruits
 z - 8 meat rations


   Skills:
 + Level 18.0 Fighting
 + Level 16.6 Maces & Flails
   Level 1.1(11.2) Staves
 + Level 11.8 Armour
 + Level 11.7 Dodging


You had 15 spell levels left.
You didn't know any spells.

Dungeon Overview and Level Annotations

Branches:
Dungeon (15/15)            Temple (0/1) D:7            Lair (6/6) D:10
 Shoals (0/4) Lair:2       Spider (1/4) Lair:2        Slime (0/5) Lair:6
    Orc (2/2) D:11            Elf (0/3) Orc:2        Vaults (0/5) D:14
 Depths (0/5) D:15

Altars:
Gozag
Kikubaaqudgha
Makhleb
Nemelex Xobeh
Okawaru
Qazlal
Vehumet
Xom
Zin
Beogh

Shops:
D:5 [   D:11 (   D:14 !   D:15 *   Orc:2 *%=(

Annotations:
D:6 1 runed door
Lair:4 exclusion: 4 oklob plants
Lair:6 exclusion: oklob plant


Innate Abilities, Weirdness & Mutations

You are resistant to torment.
Your stone body is resilient. (AC +11)
You are immune to poison.
Your large and strong wings let you fly indefinitely.
You resist negative energy. (rN+)
You are resistant to electric shocks. (rElec)
You can survive without breathing.
You are immune to petrification.
You are immune to rotting.


Message History

* * * LOW HITPOINT WARNING * * *
The redback misses you. The redback closely misses you.
The redback barely misses you. The redback barely misses you.
The redback closely misses you.
The redback bites you but does no damage.
The redback barely misses you. The redback closely misses you.
Evoke which item? (* to show all) (? for menu, Esc to quit)
Aiming: Scattershot (will waste charges)
Press: ? - help, Shift-Dir - straight line, f - redback
Aim: a redback (berserk, fast, unusually strong)
The burst of metal fragments hits the redback. x2
The redback is moderately wounded.
Evoking this partially-identified wand wasted a few charges.
The redback bites you!
* * * LOW HITPOINT WARNING * * *
The redback bites you!
* * * LOW HITPOINT WARNING * * *
The redback bites you but does no damage.
The redback closely misses you. The redback bites you!
You die...

.......## #.....## #....# #..#
#..P#...# ##.....# ##...### #..#
#####..## ##.....###....#.####...
#..P# #....###..^.......>...#
##..####P..##.^^^^###.#..##P.#
#.........##.....###.#######.P
##.......##.^^.^##..## #.#
#####.......#..s...#P..# #.#
P#.##......##.>s@###P.#### ##.#
...........#...s####..P#.#####...
...........########.#.##..##.#P..
.....>...........................
###.#####..#.######.P###P###P####
### ###### #### ### ###


You could see 3 redbacks.

Vanquished Creatures
  Agnes (D:15)
  Roxanne (D:15)
  2 orc warlords
  Nessos (D:14)
  A minotaur (Lab)
  Fannar (D:11)
  The ghost of MirrMurr the Cruncher, a journeyman DsGl of Okawaru (Lair:1)
  6 hydras
  3 vault guards (D:14)
  Erica (D:10)
  2 centaur warriors (D:14)
  A death knight (D:13)
  5 two-headed ogres
  The ghost of Exporg the Spear-Bearer, a novice MiFi of the Shining One (D:7)
  3 death yaks (Lair:4)
  The ghost of 4thArraOfDagon the Cleaver, a novice MiFi of the Shining One (D:8)
  Nergalle (D:12)
  Urug (D:11)
  A fire crab (Lair:5)
  6 skeletal warriors
  An unseen horror (D:15)
  A wizard (D:14)
  9 orc knights
  A phantasmal warrior (D:15)
  A necromancer (D:15)
  7 ugly things
  A wolf spider zombie (D:15)
  A frost giant zombie (D:15)
  An orc sorcerer (D:11)
  3 wolf spiders
  An oklob plant (D:10)
  A moth of wrath (Spider:1)
  3 manticores
  6 cyclopes
  2 merfolk sirens (Lair:2)
  8 elephants (Lair:6)
  2 elf zombies (D:15)
  5 black mambas
  Joseph (D:9)
  A spiny frog (Lair:4)
  7 gargoyles
  4 yaktaurs (D:15)
  10 komodo dragons
  A kobold demonologist (D:11)
  A yaktaur zombie (D:15)
  A freezing wraith (D:13)
  An efreet (D:15)
  2 rime drakes (Lair:6)
  A minotaur zombie (Lab)
  A guardian mummy (D:15)
  A meliai (shapeshifter) (D:15)
  3 meliai (D:15)
  3 trolls
  A jumping spider (Spider:1)
  2 merfolk (Lair:2)
  8 hornets
  Prince Ribbit (D:7)
  5 blink frogs (Lair:6)
  5 hippogriffs
  Sigmund (D:2)
  5 redbacks
  The ghost of Syneil the Destroyer, an amateur DECj (D:3)
  3 wyverns
  2 wraiths (D:11)
  47 yaks
  A centaur simulacrum (D:13)
  4 vampires
  4 water elementals (D:11)
  4 basilisks
  7 vampire mosquitoes
  3 hungry ghosts
  Menkaure (D:7)
  9 wargs
  A soldier ant (D:9)
  An acid dragon (D:15)
  6 porcupines
  12 water moccasins
  53 orc warriors
  A black bear (D:10)
  Duvessa (D:7)
  3 sky beasts
  3 necrophages (Lair:2)
  2 phantoms
  An eye of draining (D:13)
  4 ice beasts
  13 ogres
  14 centaurs
  13 crocodiles
  4 big kobolds
  17 bullfrogs
  2 wyvern zombies
  A wyvern skeleton (D:14)
  10 scorpions
  Dowan (D:7)
  6 wights
  26 killer bees
  2 howler monkeys (D:8)
  3 crimson imps
  3 centaur zombies
  3 bullfrog zombies
  A quasit (D:11)
  A bullfrog skeleton (D:12)
  17 orc priests
  5 centaur skeletons
  4 hounds
  20 jellies
  Jessica (D:2)
  Natasha (twice) (D:2)
  7 iguanas
  Terence (D:3)
  31 orc wizards
  13 worker ants
  The ghost of 4thArraOfDagon the Vexing, a weakling BaEn (D:4)
  A hound zombie (D:9)
  A hound skeleton (D:4)
  A howler monkey zombie (D:8)
  A worker ant zombie (D:11)
  27 adders
  7 gnolls
  A howler monkey skeleton (D:4)
  2 shadow imps
  4 oozes
  An adder skeleton (D:5)
  4 worms
  2 dart slugs
  2 leopard geckos
  156 orcs
  3 ball pythons (D:1)
  5 bats
  12 giant cockroaches
  8 goblins
  11 hobgoblins
  17 jackals
  8 quokkas
  2 frilled lizards (D:3)
  A jackal skeleton (D:8)
  25 kobolds
  A leopard gecko skeleton (D:5)
  A quokka skeleton (D:5)
  10 rats
  3 butterflies (D:6)
873 creatures vanquished.

Vanquished Creatures (collateral kills)
  A vault guard (D:14)
  The ghost of ThereIsNoGod the Bludgeoner, a journeyman GrGl of Okawaru (D:10)
  A fire crab (shapeshifter) (D:13)
  An unseen horror (D:14)
  A phantasmal warrior (D:13)
  A freezing wraith (D:13)
  A yaktaur (D:13)
  A wraith (D:14)
  4 killer bees (D:13)
12 creatures vanquished.

Vanquished Creatures (others)
  A bullfrog (D:15)
  An orc (Orc:2)
  3 plants
  12 withered plants (D:15)
17 creatures vanquished.

Grand Total: 902 creatures vanquished

Notes
Turn   | Place    | Note
-------+----------+-------------------------------------------
     0 | D:1      | Gorglomux the Gargoyle Berserker began the quest for the Orb.
     0 | D:1      | Reached XP level 1. HP: 14/14 MP: 1/1
    33 | D:1      | Reached XP level 2. HP: 6/19 MP: 2/2
  1135 | D:1      | Reached XP level 3. HP: 15/24 MP: 3/3
  1285 | D:1      | Reached skill level 4 in Fighting
  2026 | D:2      | Reached ** piety under Trog
  2032 | D:2      | Noticed Jessica
  2035 | D:2      | Killed Jessica
  2035 | D:2      | Reached XP level 4. HP: 30/30 MP: 4/4
  2081 | D:2      | Noticed Natasha
  2093 | D:2      | Killed Natasha
  2128 | D:2      | Reached XP level 5. HP: 30/34 MP: 5/5
  2256 | D:2      | Reached skill level 5 in Fighting
  2290 | D:2      | Found a burning altar of Makhleb.
  2356 | D:2      | Noticed Sigmund
  2366 | D:2      | Killed Sigmund
  2366 | D:2      | Reached XP level 6. HP: 41/41 MP: 3/6
  2552 | D:2      | Noticed Natasha
  2564 | D:2      | Killed Natasha
  2729 | D:3      | Reached skill level 6 in Fighting
  2754 | D:3      | Noticed Syneil's ghost (amateur DECj)
  2770 | D:3      | Killed Syneil's ghost
  2770 | D:3      | Reached skill level 6 in Maces & Flails
  2770 | D:3      | Reached XP level 7. HP: 33/47 MP: 7/7
  2869 | D:3      | Noticed Terence
  2936 | D:3      | Killed Terence
  3089 | D:3      | Reached *** piety under Trog
  3542 | D:4      | Found a sparkling altar of Nemelex Xobeh.
  3542 | D:4      | Found an iron altar of Okawaru.
  3557 | D:4      | Reached skill level 7 in Fighting
  3578 | D:4      | Found a shimmering altar of Xom.
  3646 | D:4      | Noticed 4thArraOfDagon's ghost (weakling BaEn)
  3656 | D:4      | Killed 4thArraOfDagon's ghost
  3714 | D:4      | Found a stormy altar of Qazlal.
  3714 | D:4      | Found an ancient bone altar of Kikubaaqudgha.
  3726 | D:4      | Reached XP level 8. HP: 31/53 MP: 8/8
  4223 | D:5      | Entered Level 5 of the Dungeon
  4233 | D:5      | Reached skill level 8 in Fighting
  4246 | D:5      | Found Ydatsu's Armour Boutique.
  4335 | D:5      | Reached **** piety under Trog
  4910 | D:5      | Reached skill level 9 in Fighting
  4986 | D:6      | Reached XP level 9. HP: 60/60 MP: 9/9
  5021 | D:6      | Found a runed door.
  5047 | D:6      | Found a runed door.
  5163 | D:6      | Found a radiant altar of Vehumet.
  5184 | D:6      | You fall through a shaft for 2 floors!
  5240 | D:8      | Got a steaming quarterstaff
  5241 | D:8      | Identified the +6 quarterstaff "Bicsagee" {crush, -Tele rN+ MR++ Str+2} (You found it on level 8 of the Dungeon)
  5254 | D:8      | Received a gift from Trog
  5289 | D:8      | Reached skill level 9 in Maces & Flails
  5463 | D:7      | Found a staircase to the Ecumenical Temple.
  5473 | D:7      | Reached skill level 10 in Fighting
  5561 | D:7      | Noticed Exporg's ghost (novice MiFi)
  5569 | D:7      | Killed Exporg's ghost
  6153 | D:6      | Found an opulent altar of Gozag.
  6262 | D:6      | Reached XP level 10. HP: 68/68 MP: 10/10
  6269 | D:6      | Reached skill level 11 in Fighting
  6359 | D:7      | Noticed Prince Ribbit
  6364 | D:7      | Killed Prince Ribbit
  6542 | D:7      | Noticed Dowan
  6544 | D:7      | Noticed Duvessa
  6549 | D:7      | Killed Dowan
  6553 | D:7      | Killed Duvessa
  6689 | D:7      | Noticed Menkaure
  6694 | D:7      | Killed Menkaure
  6694 | D:7      | Reached ***** piety under Trog
  7420 | D:8      | Noticed 4thArraOfDagon's ghost (novice MiFi)
  7436 | D:8      | Killed 4thArraOfDagon's ghost
  7436 | D:8      | Reached skill level 12 in Fighting
  8100 | D:9      | Noticed Joseph
  8114 | D:9      | Killed Joseph
  8488 | D:9      | Noticed a manticore
  8495 | D:9      | Killed a manticore
  8495 | D:9      | Reached XP level 11. HP: 35/76 MP: 11/11
  8630 | D:9      | Received a gift from Trog
  8912 | D:9      | Reached skill level 12 in Maces & Flails
  9009 | D:9      | Reached skill level 13 in Fighting
  9401 | D:10     | Entered Level 10 of the Dungeon
  9588 | D:10     | Noticed a two-headed ogre
  9589 | D:10     | Found a staircase to the Lair.
  9590 | D:10     | Noticed an oklob plant
  9639 | D:10     | Killed a two-headed ogre
  9972 | D:10     | Noticed Erica
  9996 | D:10     | Received a gift from Trog
 10006 | D:10     | Killed Erica
 10034 | D:10     | Noticed a two-headed ogre
 10060 | D:10     | Killed a two-headed ogre
 10081 | D:10     | Noticed ThereIsNoGod's ghost (journeyman GrGl)
 10091 | D:10     | Killed ThereIsNoGod's ghost
 10184 | D:10     | Noticed a cyclops
 10194 | D:10     | Killed a cyclops
 10385 | D:10     | Reached skill level 14 in Fighting
 10941 | D:11     | Noticed a cyclops
 10958 | D:11     | Killed a cyclops
 11240 | D:11     | Noticed Urug
 11253 | D:11     | Killed Urug
 11253 | D:11     | Reached XP level 12. HP: 86/86 MP: 12/12
 11346 | D:11     | Found a staircase to the Orcish Mines.
 11393 | D:11     | Received a gift from Trog
 11576 | D:11     | Found Ferchuq's Weapon Emporium.
 11631 | D:11     | Noticed Fannar
 11655 | D:11     | Killed Fannar
 11938 | D:11     | Reached skill level 15 in Fighting
 12485 | Lair:1   | Entered Level 1 of the Lair of Beasts
 12548 | Lair:1   | Noticed MirrMurr's ghost (journeyman DsGl)
 12561 | Lair:1   | Killed MirrMurr's ghost
 13189 | Lair:1   | Reached skill level 3 in Armour
 13496 | Lair:2   | Reached skill level 3 in Dodging
 13599 | Lair:2   | Found a staircase to the Shoals.
 14012 | Lair:2   | Reached XP level 13. HP: 32/92 MP: 13/13
 14734 | Lair:2   | Found a hole to the Spider Nest.
 14833 | Lair:2   | Received a gift from Trog
 15398 | Lair:3   | Found a glowing silver altar of Zin.
 15962 | Lair:4   | Reached skill level 6 in Armour
 16085 | Lair:4   | Reached skill level 6 in Dodging
 16290 | Lair:4   | Reached skill level 16 in Fighting
 18134 | Lair:6   | Entered Level 6 of the Lair of Beasts
 18231 | Lair:6   | Reached skill level 15 in Maces & Flails
 18384 | Lair:6   | Gained mutation: Your large and strong wings let you fly indefinitely. [Gargoyle growth]
 18384 | Lair:6   | Reached XP level 14. HP: 80/100 MP: 14/14
 18541 | Lair:6   | Reached ****** piety under Trog
 18545 | Lair:6   | Received a gift from Trog
 18666 | Lair:6   | Found a staircase to the Slime Pits.
 19229 | D:12     | Noticed Nergalle
 19246 | D:12     | Killed Nergalle
 19459 | D:12     | Reached skill level 9 in Dodging
 20253 | D:13     | Received a gift from Trog
 20536 | D:13     | Reached skill level 9 in Armour
 21331 | D:14     | Noticed Nessos
 21344 | D:14     | Killed Nessos
 21386 | D:14     | Reached skill level 17 in Fighting
 21459 | D:14     | Received a gift from Trog
 22104 | D:14     | Reached XP level 15. HP: 83/107 MP: 15/15
 22150 | D:14     | Found a gate to the Vaults.
 22285 | D:14     | Found Xemogoum's Distillery.
 22289 | D:14     | Bought a potion of resistance for 190 gold pieces
 22289 | D:14     | Bought a potion of mutation for 152 gold pieces
 22289 | D:14     | Bought a potion of haste for 190 gold pieces
 22289 | D:14     | Bought a potion of resistance for 190 gold pieces
 22289 | D:14     | Bought a potion of haste for 190 gold pieces
 22686 | D:15     | Entered Level 15 of the Dungeon
 22805 | D:15     | Noticed Agnes
 22813 | D:15     | Killed Agnes
 23068 | D:15     | Reached skill level 1 in Staves
 23837 | D:15     | Found a staircase to the Depths.
 24359 | D:15     | Found Teats's Assorted Antiques.
 24365 | D:15     | Bought a potion of haste for 290 gold pieces
 24516 | D:15     | Noticed Roxanne
 24694 | D:15     | Killed Roxanne
 24699 | D:15     | Received a gift from Trog
 24855 | Orc:1    | Entered Level 1 of the Orcish Mines
 24855 | Orc:1    | Noticed an orc warlord
 25128 | Orc:1    | Killed an orc warlord
 25196 | Orc:2    | Entered Level 2 of the Orcish Mines
 25196 | Orc:2    | Found a labyrinth entrance.
 25208 | Lab      | Entered a labyrinth
 25720 | Orc:2    | Noticed an orc warlord
 25802 | Orc:2    | Killed an orc warlord
 25941 | Orc:2    | Reached XP level 16. HP: 99/114 MP: 16/16
 26255 | Orc:2    | Received a gift from Trog
 26408 | Orc:2    | Reached skill level 18 in Fighting
 26536 | Orc:2    | Found Vilupica's Antique Weapon Boutique.
 26536 | Orc:2    | Found Keyx's Jewellery Shoppe.
 26559 | Orc:2    | Found a roughly hewn altar of Beogh.
 26634 | Orc:2    | Found Iribair's Food Boutique.
 26634 | Orc:2    | Found Ijeafuoh's General Store.
 26668 | Orc:2    | Found a staircase to the Elven Halls.
 26946 | Spider:1 | Entered Level 1 of the Spider Nest
 26984 | Lair:2   | HP: 2/114 [redback (15)]
 26984 | Lair:2   | Mangled by a redback

Skill      XL: |  1  2  3  4  5  6  7  8  9 10 11 12 13 14 15 16 |
---------------+-------------------------------------------------+-----
Fighting       | 4 5 6 7 9 10 12 14 15 16 17 18 | 18.0
Maces & Flails | 4 5 6 8 10 11 13 14 15 16 | 16.6
Dodging        | 4 7 10 11 | 11.7
Armour         | 4 7 9 11 | 11.8
Staves         | 1 |  1.1

Action                   |  1- 3 |  4- 6 |  7- 9 | 10-12 | 13-15 | 16-18 || total
-------------------------+-------+-------+-------+-------+-------+-------++-------
Melee: Mace              |   129 |   121 |   404 |       |       |       ||   654
       Quarterstaff      |       |       |    80 |   406 |       |       ||   486
       Eveningstar       |       |       |       |   336 |   443 |       ||   779
       Great mace        |       |       |       |       |   858 |   288 ||  1146
       Lajatang          |       |       |       |       |    45 |       ||    45
Invok: Berserk           |     1 |     1 |     7 |    14 |    22 |     4 ||    49
       Trog's Hand       |       |       |     1 |     8 |    20 |     4 ||    33
       Brothers in Arms  |       |       |       |     1 |     2 |       ||     3
       Burn Spellbooks   |       |       |       |     2 |     4 |       ||     6
Evoke: Wand              |       |       |       |     2 |     7 |     6 ||    15
  Use: Scroll            |       |       |       |    12 |    18 |       ||    30
       Potion            |       |       |       |     1 |     2 |       ||     3
 Stab: Sleeping          |     1 |       |       |       |       |       ||     1
       Distracted        |       |       |       |       |     1 |       ||     1
  Eat: Chunk             |     4 |     4 |    18 |    38 |    51 |     8 ||   123
       Royal jelly       |       |       |       |     1 |     4 |       ||     5
       Meat ration       |       |       |       |     1 |     3 |       ||     4
Armor: Animal skin       |    35 |       |       |       |       |       ||    35
       Scale mail        |     7 |    68 |   299 |   327 |   486 |       ||  1187
       Plate armour      |       |       |       |       |   534 |   212 ||   746
Dodge: Dodged            |    93 |    70 |   300 |   294 |  1114 |   402 ||  2273
       Deflected         |       |       |       |       |     1 |     5 ||     6
